 Dungeon Crawl Stone Soup version 0.31-a0-167-g1c394c0614 (webtiles) character file.

Game seed: 9018353008616907366

58 qw the Shooter (level 4, 0/27 HPs)
             Began as a Gargoyle Hunter on June 14, 2023.
             Slain by an orc wizard
             ... wielding a +0 dagger
              (4 damage)
             ... on level 2 of the Dungeon.
             The game lasted 00:00:23 (961 turns).

qw the Shooter (Gargoyle Hunter)                     Turns: 961, Time: 00:00:24

Health: 0/27       AC:  8    Str: 14    XL:     4   Next: 1%
Magic:  4/4        EV: 10    Int: 10    God:
Gold:   44         SH:  0    Dex: 15    Spells: 3/3 levels left

rFire   . . .        Y - +0 shortbow
rCold   . . .        (shield currently unavailable)
rNeg    + . .        e - +0 ring mail
rPois   inf          (no helmet)
rElec   +            (no cloak)
rCorr   .            (no gloves)
SInv    .            (no boots)
Will    .....        (no amulet)
Stlth   +            (no ring)
HPRegen 0.24/turn    (no ring)
MPRegen 0.09/turn

%: no passive effects
@: no status effects
A: sickness immunity, AC +3, negative energy resistance 1, electricity
resistance, torment resistance 1, petrification resistance
a: no special abilities


You were on level 2 of the Dungeon.
You visited 1 branch of the dungeon, and saw 2 of its levels.

You collected 44 gold pieces.


Innate Abilities, Weirdness & Mutations

You are immune to sickness and miasma.
Your stone body is resilient. (AC +3)
You are immune to poison.
You resist negative energy. (rN+)
You are resistant to electric shocks. (rElec)
You are resistant to unholy torment.
You are immune to petrification.


   Skills:
 + Level 2.5 Fighting
 - Level 5.1 Ranged Weapons
 - Level 1.2 Armour
 - Level 1.5 Dodging
 - Level 1.1 Stealth


You had 3 spell levels left.
You didn't know any spells.
Your spell library was empty.

Inventory:

Hand Weapons
 Y - a +0 shortbow (weapon)
Armour
 e - a +0 ring mail (worn)
Scrolls
 a - a scroll of fog {unknown}
Potions
 b - a potion of mutation {unknown}

Dungeon Overview and Level Annotations

Branches:
Dungeon (2/15)

Altars:


Message History

An orc comes into view. It is wielding a +0 mace.
You shoot an arrow.
The arrow hits the orc but does no damage.
The orc is moderately wounded.
The orc barely misses you.
You shoot an arrow. The arrow hits the orc.
You kill the orc!
The orc misses you.
You shoot an arrow. The arrow barely misses the orc.
The arrow hits the orc but does no damage.
The orc barely misses you. Something hits you.
The orc hits you but does no damage. Something hits you but does no damage.
The orc hits you with a +0 mace.
You shoot an arrow. The arrow hits the orc.
The orc is severely wounded.
The orc hits you but does no damage. The orc barely misses you.
You hear some strange, mumbled words.
Something tries to affect you, but you resist.
You shoot an arrow. The arrow hits the orc.
You kill the orc!
The orc hits you with a +0 mace. Something hits you but does no damage.
You shoot an arrow. The arrow hits the orc.
The orc is heavily wounded.
The orc misses you. Something hits you.
You shoot an arrow. The arrow hits the orc.
You kill the orc!
Something hits you. x2
You have reached level 4!
You feel clever.
You shoot an arrow. Something hits you but does no damage.
You shoot an arrow. Something hits you but does no damage.
You shoot an arrow. Something hits you.
You shoot an arrow.
You hear some strange, mumbled words.
A magic dart appears from out of thin air!
The magic dart hits you but does no damage.
Something hits you.
You die...

.. #.# .# #.# .[ #.#
..#. #.. ..#..#.#
..#..#.#######
###.......#.#..)){......
.##....#.##.##.#@#
.##....#.##.##.#.#
.##....#.##.##.#.#
.##..).#.##.##.#.#
.##....#.##.##.#.#
.##....#.##.#....#
.##.........%..###
..#..#...##..#.#
............##.#


There were no monsters in sight!

Vanquished Creatures
  2 adders (D:2)
  4 orcs (D:2)
  2 hobgoblins
  8 jackals (D:1)
  6 kobolds
  2 quokkas
  2 ball pythons
  A bat (D:2)
  2 frilled lizards
  4 rats (D:1)
33 creatures vanquished.

Notes
Turn   | Place    | Note
-------+----------+-------------------------------------------
     0 | D:1      | qw the Gargoyle Hunter began the quest for the Orb.
     0 | D:1      | Reached XP level 1. HP: 12/12 MP: 1/1
     0 | D:1      | 0 ||| qw: Version: 0.2-a-29-g1fa15c8
     0 | D:1      | 0 ||| qw: Game counter: 4953
     0 | D:1      | 0 ||| qw: Always use a shield: true
     0 | D:1      | 0 ||| qw: God list: Okawaru
     0 | D:1      | 0 ||| qw: Allow faded altars: false
     0 | D:1      | 0 ||| qw: Do Orc after D:15 true
     0 | D:1      | 0 ||| qw: Do second Lair branch before Depths: true
     0 | D:1      | 0 ||| qw: Lair rune preference: random
     0 | D:1      | 0 ||| qw: Plans: Normal, Zot:1-4, Slime:5, God:TSO, Crypt,
                  | Tomb, Abyss, Pan, Hells, Win
     0 | D:1      | 0 ||| PLANNING D:1-11
   131 | D:1      | Reached XP level 2. HP: 11/17 MP: 2/2
   742 | D:1      | 742 ||| UPGRADING to +0 ring mail.
   752 | D:1      | 752 ||| DROPPING +0 leather armour.
   753 | D:1      | 753 ||| READING 3 scrolls labelled KAYSER KOSY.
   754 | D:1      | 754 ||| READING scroll labelled OMENOI ENLEN.
   755 | D:1      | 755 ||| DROPPING 2 scrolls of noise.
   756 | D:1      | 756 ||| DROPPING scroll of butterflies.
   798 | D:2      | Reached XP level 3. HP: 21/21 MP: 3/3
   841 | D:2      | Reached skill level 1 in Armour
   924 | D:2      | Reached skill level 5 in Ranged Weapons
   957 | D:2      | HP: 5/22 [something (2)]
   958 | D:2      | Reached XP level 4. HP: 6/27 MP: 4/4
   961 | D:2      | Slain by an orc wizard

Levels and vault maps discovered:
D:1:      amcnicky_arrival_wind_blow, layout_loops_ring
D:2:      layout_basic, uniq_natasha, uniq_terence

Skill      XL: |  1  2  3 |
---------------+----------+-----
Armour         | 1 |  1.2
Ranged Weapons | 5 |  5.1
Fighting       | |  2.5
Dodging        | |  1.5
Stealth        | |  1.1

Action                     |  1- 3 |  4- 6 || total
---------------------------+-------+-------++-------
   Fire: Shortbow          |   113 |     4 ||   117
    Use: Scroll            |     2 |       ||     2
 Armour: Leather armour    |    18 |       ||    18
         Ring mail         |    26 |     3 ||    29
  Dodge: Dodged            |    62 |       ||    62

Table legend:
 A = Non-vault XP
 B = Vault XP
 C = Vault XP percentage of total XP
 D = Non-vault monster count
 E = Vault monster count
 F = Vault count percentage of total count
                 A         B        C        D         E       F
            +---------+---------+-------+---------+---------+-------
      Total |      83 |       0 |   0.0 |      33 |       0 |   0.0
            +---------+---------+-------+---------+---------+-------
        D:1 |      32 |       0 |   0.0 |      19 |       0 |   0.0
        D:2 |      51 |       0 |   0.0 |      14 |       0 |   0.0
            +---------+---------+-------+---------+---------+-------
